[Event "*** Titled Tuesday Blitz"]
[Site "Chess.com"]
[Date "2021.04.27"]
[Round "4"]
[White "kaumandur01"]
[Black "KetiGrant"]
[Result "1-0"]
[WhiteElo "2743"]
[BlackElo "2354"]
[TimeControl "180+1"]
[EndTime "10:38:51 PDT"]
[Termination "kaumandur01 won on time"]

1. Nf3 Nf6 2. g3 g6 3. Bg2 Bg7 4. O-O O-O 5. b3 d6 6. Bb2 e5 7. c4 c5 8. d3 Nc6 9. Ne1 Nh5 10.
Nc3 f5 11. Nd5 f4 12. a3 Be6 13. b4 Qd7 14. Rb1 Bh3 15. bxc5 dxc5 16. Nf3 Bxg2 17. Kxg2 b6 18. Nd2 Ne7 19. Nxe7+ Qxe7 20. Ne4 Rad8 21. a4 Nf6 22. Qc2 Nxe4 23. dxe4 f3+ 24. exf3 Qf7 25. Qb3 Rd2 26. Rbd1 Rfd8 27. Rxd2 Rxd2 28. Rd1 Qd7 29.
Rxd2 Qxd2 30. Qc3 Qe2 31. Bc1 h5 32. h4 Qd1 33. Be3 Qxa4 34. Qd3 Qe8 35. f4 Kh7 36. fxe5 Qxe5 37. f4 Qb2+ 38. Kf3 a5 39. e5 a4 40. f5 Qxe5 41. fxg6+ 1-0

[Event "*** Titled Tuesday Blitz"]
[Site "Chess.com"]
[Date "2021.04.27"]
[Round "4"]
[White "McCarthyStone"]
[Black "ajedrez1101"]
[Result "1-0"]
[WhiteElo "2350"]
[BlackElo "2155"]
[TimeControl "180+1"]
[EndTime "10:38:51 PDT"]
[Termination "McCarthyStone won by checkmate"]

1. e4 b6 2. c4 Bb7 3. Nc3 e5 4. g3 Bc5 5. Bg2 d6 6. Nge2 Nc6 7. a3 a5 8. Na4 Nge7 9. d3 O-O 10. O-O f5 11.
Nxc5 bxc5 12. exf5 Nxf5 13. Nc3 Rb8 14. Nd5 Nfd4 15.
f4 Bc8 16. fxe5 Nxe5 17. Rxf8+ Kxf8 18. Bf4 Bg4 19. Qf1 Ne2+ 20. Kh1 Nxf4 21. Qxf4+ Kg8 22. Rf1 Be2 23. Rf2 Nxd3 24. Qf7+ Kh8 25. Rxe2 Ne5 26.
Qxc7 Qf8 27. h3 Nxc4 28. Rf2 Qg8 29. Ne7 Qe8 30. Bc6 Qd8 31. Qxd8+ Rxd8 32. Bd5 Ne3 33.
Rf3 Nc2 34. Rf4 Nd4 35. Ng6+ hxg6 36. Rh4# 1-0

[Event "*** Titled Tuesday Blitz"]
[Site "Chess.com"]
[Date "2021.04.27"]
[Round "4"]
[White "dragos420"]
[Black "nrvisakh"]
[Result "0-1"]
[WhiteElo "2559"]
[BlackElo "2810"]
[TimeControl "180+1"]
[EndTime "10:38:53 PDT"]
[Termination "nrvisakh won by resignation"]

1. e4 c5 2. Nf3 g6 3. c3 Bg7 4. d4 cxd4 5. cxd4 d5 6. e5 Nc6 7. Bb5 Bd7 8. Nc3 a6 9. Bd3 Bg4 10. Be3 Nh6 11. Qb3 Bxf3 12. gxf3 O-O 13. Qxb7 Qe8 14.
Nxd5 Kh8 15. Nc7 Qd7 16. Be4 Na5 17. Qb6 Nc4 18. Qc5 Nxe3 19. Nxa8 Ng2+ 20. Kf1 Qh3 21. Qxe7 Nf5 22. Qg5 Ngh4+ 23. Ke2 Nxf3 24. Bxf3 Nxd4+ 25. Ke3 Bh6 26. Kxd4 Bxg5 27. Be4 Rd8+ 28. Kc4 Qe6+ 29.
Kc3 Qxe5+ 0-1

[Event "*** Titled Tuesday Blitz"]
[Site "Chess.com"]
[Date "2021.04.27"]
[Round "4"]
[White "Kildepiotr"]
[Black "elohunter1999"]
[Result "0-1"]
[WhiteElo "2639"]
[BlackElo "2496"]
[TimeControl "180+1"]
[EndTime "10:38:55 PDT"]
[Termination "elohunter1999 won by checkmate"]

1. Nf3 Nf6 2. g3 d5 3. Bg2 c6 4.
O-O Bf5 5. d3 e6 6. Nbd2 h6 7. Qe1 Be7 8. e4 Bh7 9. Qe2 O-O 10. b3 a5 11. a4 Na6 12. Bb2 Nb4 13. Ne1 Qb6 14. Kh1 Rad8 15. e5 Nd7 16. f4 Nc5 17. Bd4 Qa6 18. Ndf3 b5 19. Qf2 Nd7 20. g4 bxa4 21. Rxa4 c5 22. Be3 Nb6 23. Ra1 Rc8 24.
f5 exf5 25. g5 hxg5 26. Bxg5 Rfe8 27. Qh4 Bxg5 28. Nxg5 Bg6 29. Qg3 Nd7 30. c3 Nc6 31. Bxd5 Ncxe5 32. c4 Nf6 33. Bg2 Rcd8 34. Rd1 Qb6 35.
Nef3 Nxf3 36. Nxf3 Qxb3 37. Ne5 Nh5 38. Qg5 Qb6 39.
Nxg6 Qxg6 40. Qxf5 Qxf5 41. Rxf5 g6 42. Rxc5 Nf4 43.
d4 Rxd4 44. Rxd4 Re1+ 45. Bf1 Rxf1# 0-1

[Event "*** Titled Tuesday Blitz"]
[Site "Chess.com"]
[Date "2021.04.27"]
[Round "4"]
[White "Mikhail_Golubev"]
[Black "WPWPWP-2015"]
[Result "0-1"]
[WhiteElo "2562"]
[BlackElo "2422"]
[TimeControl "180+1"]
[EndTime "10:38:55 PDT"]
[Termination "WPWPWP-2015 won on time"]

1. e4 e5 2. Nf3 Nc6 3. Bb5 Nf6 4.
O-O Nxe4 5. Re1 Nd6 6. Bf1 Be7 7. Nc3 O-O 8. d4 exd4 9. Nd5 Re8 10. Qd3 Bf8 11. Ng5 g6 12. Rxe8 Nxe8 13. Qf3 Ne5 14. Qg3 d6 15. f4 Ng4 16. h3 Ngf6 17. Bc4 Be6 18. Nxf6+ Qxf6 19. Nxe6 fxe6 20. Bd2 d5 21. Bd3 Nd6 22. Re1 c5 23. Qg4 Re8 24. b3 b5 25.
Bf1 c4 26. a4 a6 27. axb5 axb5 28. bxc4 bxc4 29. Ra1 Ne4 30. Be1 Qf5 0-1

[Event "*** Titled Tuesday Blitz"]
[Site "Chess.com"]
[Date "2021.04.27"]
[Round "4"]
[White "1977Ivan"]
[Black "AsaHoffmann"]
[Result "0-1"]
[WhiteElo "2646"]
[BlackElo "2358"]
[TimeControl "180+1"]
[EndTime "10:38:55 PDT"]
[Termination "AsaHoffmann won by resignation"]

1. d4 Nf6 2. c4 c5 3. d5 e5 4. Nc3 d6 5. e4 Be7 6. Bd3 Nbd7 7. Nge2 Nf8 8. Ng3 g6 9. h4 h5 10. Nf1 a6 11. a3 N8h7 12. Bd2 Bd7 13. b4 b6 14. Rb1 O-O 15. g3 Ne8 16. Bh6 Ng7 17. Ne3 Qc8 18. f3 f5 19. exf5 gxf5 20. Qc2 e4 21. fxe4 Bf6 22. exf5 Re8 23. Ne4 Rxe4 24. Bxe4 Qe8 25. O-O Bd4 26. Rbe1 Nf6 27.
Rf4 Be5 28. Kg2 Bxf4 29. Bxf4 Qxe4+ 30. Qxe4 Nxe4 31. f6 Nf5 32. Nxf5 Bxf5 33. bxc5 bxc5 34. Rb1 Kf7 35. Rb6 Kxf6 36. Bxd6 Nxd6 37. Rxd6+ Ke5 38. Rh6 Be4+ 39. Kh3 Rb8 40. Rxh5+ Kd4 41. d6 Rd8 42. Rh6 Kxc4 43. g4 Kd5 44. d7 c4 45. Rf6 Rxd7 46.
Rf1 c3 47. h5 c2 48. Kh4 Ke5 49. Rc1 Rd1 50. Rxc2 Bxc2 0-1

[Event "*** Titled Tuesday Blitz"]
[Site "Chess.com"]
[Date "2021.04.27"]
[Round "4"]
[White "gmcorrales"]
[Black "PotapovaM"]
[Result "1-0"]
[WhiteElo "2865"]
[BlackElo "2566"]
[TimeControl "180+1"]
[EndTime "10:38:56 PDT"]
[Termination "gmcorrales won on time"]

1. e4 c5 2. Nf3 d6 3. d4 cxd4 4.
Nxd4 Nf6 5. Nc3 a6 6. Be3 e5 7.
Nb3 Be6 8. f3 Be7 9. Qd2 O-O 10.
O-O-O a5 11. a4 Na6 12. g4 Nb4 13. g5 Nh5 14. Kb1 Rc8 15. Bb5 Kh8 16. h4 Qc7 17. Rhg1 Rfd8 18. Qf2 Nf4 19. Bb6 Qb8 20. Rge1 Rf8 21. Bxa5 d5 22. exd5 Nbxd5 23. Nxd5 Bxd5 24. Bc3 Rxc3 25. bxc3 Qc7 26. c4 Bxc4 27. Bxc4 Qxc4 28. Rxe5 Ba3 29. Re4 Qc7 30. Qd4 Ne6 31. Qe5 Qc6 32. Nd4 Qd7 33. Rd3 Qe7 34. Nxe6 fxe6 35. Ka2 Bc5 36.
Qxe6 Qc7 37. Rc3 Qa5 38. Qe5 b6 39. h5 Ra8 40. h6 Qa7 41. Rd3 Rg8 42. Rh4 1-0

[Event "*** Titled Tuesday Blitz"]
[Site "Chess.com"]
[Date "2021.04.27"]
[Round "4"]
[White "Taktikmonster"]
[Black "Fraler15"]
[Result "1-0"]
[WhiteElo "2414"]
[BlackElo "2195"]
[TimeControl "180+1"]
[EndTime "10:38:56 PDT"]
[Termination "Taktikmonster won by resignation"]

1. e4 c5 2. Nf3 e6 3. d4 cxd4 4. Nxd4 Nf6 5. Nc3 Nc6 6. Ndb5 Bc5 7. Bf4 O-O 8. Bd6 Bxd6 9. Qxd6 a6 10. Nd4 Nxd4 11. Qxd4 b5 12. e5 Nd5 13. Nxd5 exd5 14. Qxd5 Qa5+ 15. c3 Rb8 16. Bd3 Bb7 17. Qd4 Rfe8 18.
O-O Qc7 19. Rae1 Rbd8 20. f4 d6 21. exd6 Qc6 22. Rxe8+ Rxe8 23. Rf2 Rd8 24. Rd2 Rxd6 25. Qxd6 Qxd6 26. Bxh7+ Kxh7 27. Rxd6 Be4 28. Rxa6 Bb1 29.
Ra5 Bd3 30. a4 bxa4 31. Rxa4 1-0

[Event "*** Titled Tuesday Blitz"]
[Site "Chess.com"]
[Date "2021.04.27"]
[Round "4"]
[White "alejogarcia1999"]
[Black "Srisshhhtea"]
[Result "1-0"]
[WhiteElo "2483"]
[BlackElo "2335"]
[TimeControl "180+1"]
[EndTime "10:38:57 PDT"]
[Termination "alejogarcia1999 won on time"]

1. d4 d5 2. c4 e6 3. Nc3 Be7 4. Nf3 Nf6 5. Bf4 O-O 6. e3 b6 7.
h3 Bb7 8. cxd5 Nxd5 9. Nxd5 Bxd5 10. Bd3 c5 11. O-O Nc6 12. e4 cxd4 13. exd5 Qxd5 14. Rc1 Bf6 15. Re1 Qd7 16. Be4 Rac8 17. Rxc6 Rxc6 18. Bxc6 Qxc6 19. Nxd4 Qc4 20. Be3 Rd8 21. Qb3 Rxd4 22. Bxd4 Qxb3 23. axb3 Bxd4 24. Rd1 e5 25. Rc1 g6 26. b4 Bxb2 27. Rc8+ Kg7 28. b5 Bd4 29. Rc7 Kf6 30. Rxa7 Ke6 31. Kf1 h5 32. Ke2 f6 33. f3 Kd5 34. Rc7 Ke6 35. Rc6+ Kf5 36. Kd3 h4 37. Rd6 Bc5 38. Rc6 Bd4 39. Rc4 g5 40. Rc6 Kg6 41. Ke4 Bf2 42. Rc8 Bd4 43. Rd8 f5+ 44. Kd5 Kf6 45. Rf8+ Kg6 46. Ke6 e4 47.
fxe4 fxe4 48. Kd5 Bc5 49. Re8 e3 50. Ke4 Kf7 51. Re5 Kf6 52. Rf5+ Kg6 53. Rf1 1-0

[Event "*** Titled Tuesday Blitz"]
[Site "Chess.com"]
[Date "2021.04.27"]
[Round "4"]
[White "Kolle05"]
[Black "AlexPapasimakopoulos"]
[Result "0-1"]
[WhiteElo "2323"]
[BlackElo "2562"]
[TimeControl "180+1"]
[EndTime "10:38:57 PDT"]
[Termination "AlexPapasimakopoulos won by resignation"]

1. e4 e6 2. d4 d5 3. Nd2 Nf6 4.
e5 Nfd7 5. Bd3 c5 6. c3 Nc6 7.
Ne2 cxd4 8. cxd4 f6 9. exf6 Nxf6 10. Nf3 Bd6 11. O-O Qc7 12. Bg5 O-O 13. Bh4 Nh5 14.
Bg3 Nxg3 15. hxg3 Bd7 16. Rc1 Be8 17. Nc3 a6 18. Re1 Rf6 19. Ne5 Qb6 20. Ng4 Qxd4 21. Nxf6+ Qxf6 22. a3 Bf7 23. Bb1 Rf8 24. Ne4 Qd8 25.
Nxd6 Qxd6 26. Qc2 Bg6 27. Qc5 Qxc5 28. Rxc5 Bxb1 29. Rxb1 Kf7 30. b4 Ra8 31. a4 Kf6 32.
b5 axb5 33. axb5 Ne5 34. Rc7 b6 35. f4 Nc4 36. Rc6 h5 37. Re1 Re8 38. Kf2 Kf5 39. Kf3 Nd2+ 40. Ke3 Nc4+ 41. Kd4 Re7 42. Rh1 g6 43.
Re1 Kf6 44. Rc8 Kf7 45. Ra1 Nd6 46.
Rb1 Nxc8 0-1

[Event "*** Titled Tuesday Blitz"]
[Site "Chess.com"]
[Date "2021.04.27"]
[Round "4"]
[White "MarkoPe"]
[Black "niki_2003"]
[Result "1-0"]
[WhiteElo "2263"]
[BlackElo "2037"]
[TimeControl "180+1"]
[EndTime "10:38:57 PDT"]
[Termination "MarkoPe won by checkmate"]

1. e4 c5 2. Nf3 d6 3. Bb5+ Bd7 4. Bxd7+ Nxd7 5. O-O Ngf6 6. Qe2 g6 7. c3 Bg7 8. d4 cxd4 9. cxd4 O-O 10. Nc3 e5 11. dxe5 Nxe5 12. Nxe5 dxe5 13. Rd1 Qc7 14. Bg5 Qc6 15.
Bxf6 Bxf6 16. Rac1 Qe6 17. Nd5 Bd8 18. a4 Bb6 19. b4 Rac8 20. h3 Rxc1 21. Rxc1 Bd4 22.
Qb5 b6 23. Rc7 Kg7 24. Rxa7 Rc8 25. Rc7 Rxc7 26. Nxc7 Qf6 27. Qe2 Qc6 28. Nb5 Qc1+ 29. Kh2 Qf4+ 30. g3 Qxf2+ 31. Qxf2 Bxf2 32. a5 Kf6 33. a6 Bd4 34. a7 Ke6 35. a8=Q f5 36.
Qd5+ Kf6 37. Nxd4 exd4 38. e5+ Kg5 39. e6 Kh6 40. e7 d3 41. e8=Q Kh5 42. g4+ Kh4 43.
Qe7+ g5 44. Qe1# 1-0

[Event "*** Titled Tuesday Blitz"]
[Site "Chess.com"]
[Date "2021.04.27"]
[Round "4"]
[White "lagedema"]
[Black "Piotrek1979"]
[Result "1-0"]
[WhiteElo "2581"]
[BlackElo "2332"]
[TimeControl "180+1"]
[EndTime "10:38:58 PDT"]
[Termination "lagedema won on time"]

1. d4 d5 2. Bf4 Nf6 3. e3 e6 4. Nf3 Bd6 5. Bg3 c5 6. c3 O-O 7. Nbd2 Nc6 8. Bb5 Ne7 9. Bd3 Ng6 10.
Ne5 Bxe5 11. dxe5 Nd7 12. f4 c4 13. Bc2 Qb6 14. Kf2 f6 15. exf6 Rxf6 16. Bxg6 hxg6 17. Qc2 e5 18. Ke2 d4 19. cxd4 exd4 20. Qxc4+ Kh8 21.
Qxd4 Qb5+ 22. Qd3 Qh5+ 23. Kf2 Ne5 24. Qd8+ Kh7 25. h3 b6 26. Qe7 Nd3+ 27. Kg1 Ba6 28.
Nf3 Raf8 29. Ng5+ Kh6 30. Qxa7 Qe2 31. Qxa6 Qxe3+ 32. Kh2 Rxf4 33. Rad1 Rf2 34. Qxd3 1-0

[Event "*** Titled Tuesday Blitz"]
[Site "Chess.com"]
[Date "2021.04.27"]
[Round "4"]
[White "Dave_ChessMate"]
[Black "Irishchessman16"]
[Result "1-0"]
[WhiteElo "2475"]
[BlackElo "2287"]
[TimeControl "180+1"]
[EndTime "10:38:58 PDT"]
[Termination "Dave_ChessMate won on time"]

1. e4 c5 2. Nc3 Nc6 3. Bb5 Nd4 4.
Nf3 a6 5. Bd3 f6 6. e5 d5 7. O-O Bg4 8. Be2 Nxe2+ 9. Qxe2 Qd7 10. h3 Be6 11. Re1 Kf7 12. d4 c4 13. exf6 exf6 14.
Na4 Re8 15. Nc5 Bxc5 16. dxc5 d4 17. Bf4 Ne7 18. Nxd4 Bd5 19. Bd6 Nf5 20. Qg4 Rxe1+ 21. Rxe1 g6 22. Re7+ 1-0

[Event "*** Titled Tuesday Blitz"]
[Site "Chess.com"]
[Date "2021.04.27"]
[Round "4"]
[White "andrewtnb"]
[Black "andriipalchuk"]
[Result "1-0"]
[WhiteElo "2262"]
[BlackElo "2584"]
[TimeControl "180+1"]
[EndTime "10:39:00 PDT"]
[Termination "andrewtnb won by resignation"]

1. d4 d5 2. c4 c6 3. cxd5 cxd5 4. Nc3 Nf6 5. Nf3 Nc6 6. Bf4 a6 7. Rc1 Bf5 8. e3 e6 9. Bd3 Bxd3 10. Qxd3 Bd6 11.
Bxd6 Qxd6 12. O-O O-O 13. Na4 Nd7 14. Nc5 Nxc5 15. Rxc5 b6 16. Rc3 Nb4 17. Qb1 Rfc8 18. Rfc1 Rxc3 19. bxc3 Nc6 20. Qxb6 Qa3 21. Rb1 Qxa2 22. Ne5 Ne7 23. h3 h6 24. Qb7 Re8 25. Rb6 Qa1+ 26. Kh2 Qxc3 27. Qd7 Qc8 28. Qa7 Qa8 29. Qd7 Qc8 30. Rxa6 Qa8 31. Rxa8 1-0

[Event "*** Titled Tuesday Blitz"]
[Site "Chess.com"]
[Date "2021.04.27"]
[Round "4"]
[White "kidagent"]
[Black "BursaBBSatranc"]
[Result "1-0"]
[WhiteElo "2355"]
[BlackElo "2578"]
[TimeControl "180+1"]
[EndTime "10:39:00 PDT"]
[Termination "kidagent won by resignation"]

1. e4 e5 2. Nf3 Nf6 3. Nc3 Nc6 4.
Bb5 Bb4 5. O-O O-O 6. Bxc6 dxc6 7. Nxe5 Re8 8. d4 c5 9. Bg5 cxd4 10. Nd5 Be7 11. Nxe7+ Qxe7 12. f4 c5 13. Re1 h6 14.
Bh4 Qd6 15. Qf3 Qb6 16. Nc4 Qa6 17. e5 Qxc4 18. exf6 Bf5 19. fxg7 Bxc2 20. Qh5 Re6 21. f5 Rb6 22. f6 Rxb2 23. Qxh6 Bh7 24. Rac1 Qd5 25. Qg5 Qxg5 26. Bxg5 b6 27. Re7 Bg6 28. Rce1 d3 29. Re8+ 1-0

[Event "*** Titled Tuesday Blitz"]
[Site "Chess.com"]
[Date "2021.04.27"]
[Round "4"]
[White "Manukyan_Artak"]
[Black "JiiHart"]
[Result "0-1"]
[WhiteElo "2446"]
[BlackElo "2045"]
[TimeControl "180+1"]
[EndTime "10:39:01 PDT"]
[Termination "JiiHart won by checkmate"]

1. e4 c5 2. Nf3 Nc6 3. c3 d5 4. exd5 Qxd5 5. d4 cxd4 6. cxd4 Bg4 7. Be2 e6 8. Nc3 Qa5 9. h3 Bh5 10. O-O Nf6 11. Bd2 Be7 12. a3 O-O 13. b4 Qd8 14. Be3 Nd5 15. Ne4 b6 16. Rc1 Rc8 17. Ba6 Rc7 18.
Qd2 Bxf3 19. gxf3 f5 20. Nc3 Nb8 21. Nxd5 exd5 22. Rxc7 Qxc7 23. Bf4 Qd7 24. Bd3 Bf6 25.
Bb1 Nc6 26. Be3 f4 27. Bxf4 Nxd4 28. Kg2 Ne6 29. Rd1 Bc3 30. Qxc3 Nxf4+ 31. Kg1 Qxh3 32.
Bxh7+ Kh8 33. Qe5 Qg2# 0-1

[Event "*** Titled Tuesday Blitz"]
[Site "Chess.com"]
[Date "2021.04.27"]
[Round "4"]
[White "rasmussvane"]
[Black "miragha_yev"]
[Result "0-1"]
[WhiteElo "2907"]
[BlackElo "2745"]
[TimeControl "180+1"]
[EndTime "10:39:02 PDT"]
[Termination "miragha_yev won by resignation"]

1. Nf3 Nf6 2. g3 g6 3. Bg2 Bg7 4. O-O O-O 5. d4 d5 6. c4 c6 7. Qb3 dxc4 8. Qxc4 Bf5 9. Nc3 Nbd7 10. Re1 Ne4 11.
Qb3 Qb6 12. Nh4 Nxc3 13. bxc3 Be6 14. Qc2 Bc4 15. Nf3 e5 16. Rb1 Qa6 17. a4 Rfe8 18.
Bf1 Qa5 19. Rxb7 Nb6 20. Nxe5 Bxe5 21. dxe5 Qxa4 22. Qxa4 Nxa4 23. Rb4 Bb5 24. Bd2 Rxe5 25. Ra1 Nb6 26. f4 Re7 27. e4 a5 28. Rd4 Bxf1 29.
Kxf1 c5 30. Rd6 Nc4 31. Rd5 Rxe4 32. Be1 Ne3+ 33. Kf2 Nxd5 0-1

[Event "*** Titled Tuesday Blitz"]
[Site "Chess.com"]
[Date "2021.04.27"]
[Round "4"]
[White "Beca95"]
[Black "Nikolakis2014"]
[Result "1-0"]
[WhiteElo "2861"]
[BlackElo "2627"]
[TimeControl "180+1"]
[EndTime "10:39:02 PDT"]
[Termination "Beca95 won by resignation"]

1. d4 Nf6 2. c4 e6 3. Nc3 Bb4 4. Nf3 d5 5. Bg5 O-O 6. e3 Nbd7 7. cxd5 exd5 8. Bd3 c5 9. O-O c4 10. Bc2 Bxc3 11.
bxc3 Qa5 12. Qc1 Re8 13. a4 Ne4 14. Ra3 Nf8 15. Bf4 Ng6 16. Qb2 Bg4 17. Bg3 Bxf3 18. gxf3 Nd2 19. Bxg6 Nxf1 20. Bxf7+ Kxf7 21. Qxb7+ Kg8 22. Kxf1 Qb6 23. Qxd5+ Kh8 24. Qxc4 Rac8 25. Qb5 Qg6 26.
Kg2 Rb8 27. Qe2 Rb1 28. Ra2 Reb8 29. Qc2 Qxc2 30. Rxc2 R8b2 31. Rxb2 Rxb2 32. c4 Kg8 33. c5 Rc2 34. a5 Kf7 35. Bb8 a6 36. Ba7 Ke6 37.
e4 g5 38. d5+ Ke5 39. h3 h5 40.
Kg3 Rc3 41. c6 Kd6 42. Be3 Ra3 43. Bc5+ Kxc5 44. c7 1-0

[Event "*** Titled Tuesday Blitz"]
[Site "Chess.com"]
[Date "2021.04.27"]
[Round "4"]
[White "LubovMarkelova"]
[Black "StockholmMissile"]
[Result "0-1"]
[WhiteElo "2271"]
[BlackElo "2602"]
[TimeControl "180+1"]
[EndTime "10:39:02 PDT"]
[Termination "StockholmMissile won on time"]

1. Nf3 d5 2. d4 Nf6 3. c4 c6 4.
e3 e6 5. b3 Nbd7 6. Bb2 b6 7.
Bd3 Bb7 8. O-O Be7 9. Nc3 O-O 10. Qc2 h6 11. e4 dxe4 12. Nxe4 Nxe4 13. Bxe4 Nf6 14. Rfd1 Nxe4 15. Qxe4 Qc7 16. c5 Bf6 17.
Ne5 Rfd8 18. Ng4 Bg5 19. h4 Qf4 20. Qxf4 Bxf4 21. g3 Bc7 22. b4 a5 23. a3 Ba6 24.
Ne5 Bxe5 25. dxe5 bxc5 26. bxc5 Rd5 27. Rac1 Rb8 28. Rxd5 exd5 29. Bc3 a4 30. Bb4 d4 31. f4 h5 32. Kf2 Kh7 33. Rd1 d3 34. f5 Rd8 35. Ke3 Rd5 36. Ke4 Bc4 37. Rd2 Kg8 38. Rg2 Kf8 39. Kf4 Bb3 40. Rd2 Bc2 41. g4 Rd4+ 42. Ke3 Rxb4 43. axb4 a3 44. Rg2 a2 45.
Rg1 Bb1 0-1

[Event "*** Titled Tuesday Blitz"]
[Site "Chess.com"]
[Date "2021.04.27"]
[Round "4"]
[White "731291"]
[Black "Kozok"]
[Result "0-1"]
[WhiteElo "2676"]
[BlackElo "2535"]
[TimeControl "180+1"]
[EndTime "10:39:04 PDT"]
[Termination "Kozok won by resignation"]

1. e4 c5 2. Nf3 e6 3. d4 cxd4 4. Nxd4 Nf6 5. Nc3 Nc6 6. Ndb5 Bb4 7. a3 Bxc3+ 8. Nxc3 d5 9. exd5 exd5 10. Bd3 O-O 11.
O-O d4 12. Ne2 Bg4 13. Bg5 Re8 14. f3 Bh5 15. Ng3 Bg6 16. Ne4 Ne5 17. Bxf6 gxf6 18.
Qd2 Rc8 19. Qf4 Re6 20. Rad1 Nxd3 21. Rxd3 Rxc2 22. Rfd1 Kg7 23. Rxd4 Qb6 24. Kh1 Qxb2 25. R4d2 Rc1 26. h4 Rxd1+ 27. Rxd1 Qxa3 28. Rd7 Qa1+ 29. Kh2 Qe5 30. Qxe5 Rxe5 31. Rxb7 Bxe4 32. fxe4 Rxe4 33.
Rxa7 Rxh4+ 34. Kg3 Rb4 35. Kf3 Kg6 36. Kg3 h5 37. Kf3 Rg4 38. Ra5 Rg5 39. Ra6 Rf5+ 40. Kg3 Re5 41. Ra7 Re6 42. Rb7 f5 43. Rc7 Rd6 44. Re7 Rb6 45. Ra7 Rb3+ 46. Kh2 f4 47. Ra4 Kg5 48. Ra5+ f5 49. Ra8 f3 50. Ra4 Rb2 51. Kg3 fxg2 0-1

[Event "*** Titled Tuesday Blitz"]
[Site "Chess.com"]
[Date "2021.04.27"]
[Round "4"]
[White "CSB7"]
[Black "exoticprincess"]
[Result "1/2-1/2"]
[WhiteElo "2744"]
[BlackElo "2924"]
[TimeControl "180+1"]
[EndTime "10:39:05 PDT"]
[Termination "Game drawn by repetition"]

1. d4 d5 2. Nf3 c6 3. c4 Nf6 4.
Nc3 dxc4 5. a4 a5 6. e4 Bg4 7.
Bxc4 e6 8. Be3 Bb4 9. h3 Bh5 10. Bd3 Nbd7 11. O-O O-O 12. Rc1 Re8 13. e5 Nd5 14.
Nxd5 exd5 15. g4 Bg6 16. Bxg6 hxg6 17. Qd3 Nf8 18. Kg2 Qd7 19. Ng1 c5 20. dxc5 Rxe5 21.
Nf3 Ree8 22. b3 Rad8 23. Rfd1 Ne6 24. Qb5 Qc7 25. c6 bxc6 26. Qxc6 Qb8 27. Rxd5 Rc8 28. Rb5 Qc7 29. Qxc7 Nxc7 30. Rb7 Nd5 31. Rxc8 Nxe3+ 32. fxe3 Rxc8 33. Ne5 f6 34. Nxg6 Rc3 35. Ne7+ Bxe7 36. Rxe7 Rxb3 37. Ra7 Rxe3 38. Rxa5 Ra3 39. h4 Kh7 40.
Ra7 Kh6 41. a5 g6 42. a6 Ra4 43. Kf3 Ra3+ 44. Ke4 Ra4+ 45. Kf3 Ra3+ 46. Ke4 Ra4+ 47.
Kf3 1/2-1/2

[Event "*** Titled Tuesday Blitz"]
[Site "Chess.com"]
[Date "2021.04.27"]
[Round "4"]
[White "mamonika"]
[Black "Agoking701"]
[Result "0-1"]
[WhiteElo "2033"]
[BlackElo "2252"]
[TimeControl "180+1"]
[EndTime "10:39:05 PDT"]
[Termination "Agoking701 won on time"]

1. e4 c5 2. Nf3 b6 3. d4 cxd4 4.
Nxd4 Bb7 5. Nc3 a6 6. Bc4 e6 7. O-O Qc7 8. Bb3 Nf6 9. Re1 Nc6 10. e5 Nxe5 11. Bf4 d6 12. Qe2 Rc8 13. Bxe5 dxe5 14.
Qxe5 Qxe5 15. Rxe5 Bd6 16. Re2 Rc7 17. Rd1 Bb4 18.
Na4 b5 19. c3 Be7 20. Nb6 O-O 21. a4 Bc5 22. a5 Rd8 23. h3 e5 24. Nf5 Rxd1+ 25. Bxd1 g6 0-1

[Event "*** Titled Tuesday Blitz"]
[Site "Chess.com"]
[Date "2021.04.27"]
[Round "4"]
[White "Nozdrachev_Leonid"]
[Black "erdni1993"]
[Result "1-0"]
[WhiteElo "2609"]
[BlackElo "2421"]
[TimeControl "180+1"]
[EndTime "10:39:06 PDT"]
[Termination "Nozdrachev_Leonid won by resignation"]

1. e4 c5 2. c3 Nf6 3. e5 Nd5 4. d4 cxd4 5. Nf3 e6 6. cxd4 d6 7. a3 Bd7 8. Bd3 Bc6 9. O-O Nd7 10. Qe2 dxe5 11. Nxe5 Nxe5 12. dxe5 Be7 13. Rd1 a5 14. Qg4 g6 15. Bh6 Qb6 16. Nd2 Qc7 17. Qg3 b5 18. Rac1 Qb7 19. Ne4 Nb6 20. Bg7 Rg8 21. Bf6 Nd7 22. Bxe7 Bxe4 23. Bd6 f5 24. Qh4 Rg7 25.
Rc7 Qd5 26. Be2 Qb3 27. Rdc1 Qxb2 28. Qh6 Nc5 29. Qxg7 Qxc1+ 30. Bf1 Qxf1+ 31. Kxf1 Bd3+ 32. Kg1 1-0

[Event "*** Titled Tuesday Blitz"]
[Site "Chess.com"]
[Date "2021.04.27"]
[Round "4"]
[White "KyrgyzFighter"]
[Black "alexrustemov"]
[Result "0-1"]
[WhiteElo "2410"]
[BlackElo "2593"]
[TimeControl "180+1"]
[EndTime "10:39:06 PDT"]
[Termination "alexrustemov won by resignation"]

1. c4 g6 2. Nc3 Bg7 3. d4 c5 4. d5 Bxc3+ 5. bxc3 f5 6. e4 fxe4 7. f3 e5 8. Nh3 d6 9. Nf2 Nf6 10. fxe4 h6 11. Be2 Qe7 12. O-O Nbd7 13. Qd3 Kd8 14. Qg3 Qg7 15. Rb1 Kc7 16. Qd3 b6 17. a4 a5 18. Qc2 Ba6 19. Qb3 Rab8 20. Ng4 Nxe4 21.
Qc2 Nef6 22. Ne3 Rbf8 23. Bd3 Rhg8 24. Bd2 Nh5 25. Ng4 Nf4 26. g3 Nxd3 27. Bxh6 Rxf1+ 28. Rxf1 Qe7 29. Qxd3 e4 30. Qe2 g5 31. Rf5 Rg6 32.
Qf2 e3 33. Qe2 Qe4 34. Rf7 Bxc4 35. Qxe3 Qxg4 36. Qe8 Rxh6 37. Qa8 Qd1+ 38. Kg2 Qe2+ 39. Rf2 Rxh2+ 40. Kxh2 Qxf2+ 41. Kh3 Qf5+ 42. Kg2 0-1

[Event "*** Titled Tuesday Blitz"]
[Site "Chess.com"]
[Date "2021.04.27"]
[Round "4"]
[White "annacramling"]
[Black "starplatinum2030"]
[Result "0-1"]
[WhiteElo "2077"]
[BlackElo "2297"]
[TimeControl "180+1"]
[EndTime "10:39:06 PDT"]
[Termination "starplatinum2030 won by resignation"]

1. d4 Nf6 2. c4 e6 3. Nc3 Bb4 4. Qc2 O-O 5. e4 Bxc3+ 6. bxc3 d6 7. e5 dxe5 8. dxe5 Ng4 9. Nf3 Nc6 10. Bf4 f6 11.
exf6 Qxf6 12. Bg3 e5 13. Bd3 Qh6 14. O-O e4 15. Bxe4 Nf6 16. Bd5+ Kh8 17. Bxc7 Bg4 18. Ne5 Nxe5 19. Bxe5 Qh5 20. Bd6 Nxd5 21. Bxf8 Nf4 22. f3 Bf5 23. Qd2 Qg5 24. Bxg7+ Kxg7 25. Qd4+ Kh6 26.
g3 Ne2+ 27. Kh1 Nxd4 0-1

[Event "*** Titled Tuesday Blitz"]
[Site "Chess.com"]
[Date "2021.04.27"]
[Round "4"]
[White "sm_sharon"]
[Black "chessprincesa1"]
[Result "0-1"]
[WhiteElo "2152"]
[BlackElo "2312"]
[TimeControl "180+1"]
[EndTime "10:39:07 PDT"]
[Termination "chessprincesa1 won by resignation"]

1. e4 e5 2. Nf3 Nc6 3. Nc3 Nf6 4. Bc4 Bc5 5. d3 d6 6. h3 h6 7. Qe2 a6 8. Nd5 b5 9. Nxf6+ Qxf6 10. Bd5 Bd7 11.
Be3 Bxe3 12. Qxe3 O-O 13. c3 Rab8 14. Bxc6 Bxc6 15. O-O-O b4 16. c4 Bd7 17. Rhe1 c6 18.
Kb1 Rfe8 19. Nh2 Be6 20. Rf1 d5 21. exd5 cxd5 22. b3 a5 23. f4 e4 24. f5 Bd7 25.
g4 dxc4 26. dxc4 a4 27. Qd4 Qxd4 28. Rxd4 Bc6 29. Re1 e3 30. Nf1 e2 31. Ng3 Re3 32. Nxe2 Rbe8 33. Rd2 Bf3 34. bxa4 Bxe2 35. a5 Bd3+ 36.
Kb2 Rxe1 37. Rxd3 R1e5 38. Kb3 Rxa5 39. Kxb4 Rxa2 40. c5 Rc8 0-1

[Event "*** Titled Tuesday Blitz"]
[Site "Chess.com"]
[Date "2021.04.27"]
[Round "4"]
[White "Airquake"]
[Black "Keks2017"]
[Result "1-0"]
[WhiteElo "2643"]
[BlackElo "2469"]
[TimeControl "180+1"]
[EndTime "10:39:10 PDT"]
[Termination "Airquake won by resignation"]

1. g3 g6 2. Bg2 Bg7 3. Nf3 d6 4.
O-O e5 5. d3 f5 6. Nc3 Nf6 7.
e4 c6 8. Re1 O-O 9. d4 Nxe4 10.
Nxe4 fxe4 11. Rxe4 d5 12. Rxe5 Bxe5 13. Nxe5 Nd7 14.
Bf4 Nxe5 15. Bxe5 Be6 16. Qd2 Qd7 17. Qh6 Rae8 18. h4 Bg4 19. Re1 Rf7 20. Re3 Ref8 21. f4 Qf5 22. Rc3 Qh5 23. Qxh5 gxh5 24. Ra3 a6 25. Rb3 Re8 26. Rb6 Rd7 27. Kf2 Kf7 28. Ke3 Rg8 29. c3 Ke8 30. Bf1 Bf5 31. Kf2 Kf7 32. Be2 Kg6 33. Bxa6 bxa6 34. Rxc6+ Kf7 35.
Rf6+ Ke7 36. Rxf5 Rb7 37. b3 Rc8 38. Rxh5 Rb5 39. Rxh7+ Ke6 40. g4 1-0